 Dungeon Crawl Stone Soup version 0.31-a0-430-gf8416d752b (webtiles) character file.

Game seed: 2017226571632084457

147 pirchl the Covered (level 5, -8/33 HPs)
             Began as a Gargoyle Fighter on July 31, 2023.
             Mangled by a gnoll
             ... wielding a +0 halberd
              (12 damage)
             ... on level 3 of the Dungeon.
             The game lasted 00:05:15 (2021 turns).

pirchl the Covered (Gargoyle Fighter)               Turns: 2021, Time: 00:05:18

Health: -8/33      AC: 11    Str: 21    XL:     5   Next: 29%
Magic:  5/5        EV:  9    Int:  9    God:
Gold:   86         SH:  4    Dex:  9    Spells: 4/4 levels left

rFire   . . .        l - +0 morningstar
rCold   . . .        c - +0 buckler
rNeg    + . .        b - +0 scale mail
rPois   ∞            (no helmet)
rElec   +            (no cloak)
rCorr   .            (no gloves)
SInv    .            (no boots)
Will    .....        o - amulet of regeneration Stlth
                     (no ring)
HPRegen 1.05/turn    (no ring)
MPRegen 0.09/turn

%: no passive effects
@: no status effects
A: sickness immunity, AC +4, negative energy resistance 1, electricity
resistance, torment resistance 1, petrification resistance
a: no special abilities


You were on level 3 of the Dungeon.
You visited 1 branch of the dungeon, and saw 3 of its levels.

You collected 86 gold pieces.

Inventory:

Hand Weapons
 l - a +0 morningstar (weapon)
Missiles
 e - 28 stones (quivered)
 q - 4 boomerangs
Armour
 b - a +0 scale mail (worn)
 c - a +0 buckler (worn)
Jewellery
 o - an amulet of regeneration (around neck)
Scrolls
 a - a scroll of brand weapon {unknown}
 f - 3 scrolls of identify {unknown}
 h - 2 scrolls of blinking {unknown}
 i - a scroll of enchant weapon {unknown}
 k - a scroll of teleportation {unknown}
 n - a scroll of fear {unknown}
 p - a scroll of noise {unknown}
Potions
 g - a potion of degeneration {unknown}
 j - 2 potions of heal wounds {unknown}
 m - a potion of brilliance {unknown}


   Skills:
 + Level 3.8 Fighting
 + Level 3.7 Maces & Flails
 + Level 0.1 Throwing
 + Level 4.3 Armour
 + Level 0.9 Dodging
 + Level 3.5 Shields


You had 4 spell levels left.
You didn't know any spells.
Your spell library was empty.

Dungeon Overview and Level Annotations

Branches:
Dungeon (3/15)

Altars:

Annotations:
D:2 Grinder, Robin


Innate Abilities, Weirdness & Mutations

You are immune to sickness and miasma.
Your stone body is resilient. (AC +4)
You are immune to poison.
You resist negative energy. (rN+)
You are resistant to electric shocks. (rElec)
You are resistant to unholy torment.
You are immune to petrification.


Message History

The adder is almost dead.
The adder barely misses you.
You thump the adder!
You kill the adder!
You see here an adder corpse.
Found a stone staircase leading down.
There is a stone staircase leading down here.
A gnoll comes into view. It is wielding a +0 club.
The gnoll shouts!
You hear a shout! x2
A kobold comes into view. It is wielding a +0 short sword.
You hear a shout!
There is a stone staircase leading down here.
The kobold closely misses you.
A gnoll comes into view. It is wielding a +0 halberd.
You barely miss the kobold. The kobold hits you but does no damage.
You puncture the kobold!
You kill the kobold!
A gnoll comes into view. It is wielding a +0 halberd.
The gnoll barely misses you. The gnoll hits you with a +0 halberd.
The gnoll hits you with a +0 club.
Things that are here:
a +0 short sword; a kobold corpse The gnoll attacks as you move away!
The gnoll hits you with a +0 halberd. The gnoll closely misses you.
There is a stone staircase leading down here.
The gnoll hits you but does no damage.
You barely miss the gnoll.
The gnoll hits you from afar with a +0 halberd!
The gnoll hits you but does no damage.
You hit the gnoll.
The gnoll is lightly wounded.
The gnoll hits you from afar with a +0 halberd!
You block the gnoll's attack.
You barely miss the gnoll.
The gnoll is lightly wounded.
The gnoll hits you from afar with a +0 halberd!
* * * LOW HITPOINT WARNING * * *
The gnoll barely misses you.
The gnoll hits you from afar with a +0 halberd!
You die...

# ###
#.#.. ##
#.#.## ..
#.... .#
#.#.##.#
#..gg..#
###g####
####@#
#...>#
#.####
#.#.##
#....####
#.......+
#....####
#.#.##
##†###
.....


You could see 3 gnolls.

Vanquished Creatures
  Jessica (D:2)
  An orc wizard (D:2)
  An adder (D:3)
  A worm (D:2)
  5 orcs
  5 bats
  11 endoplasms
  2 giant cockroaches (D:1)
  13 goblins
  11 hobgoblins
  3 jackals (D:1)
  2 quokkas (D:1)
  6 ball pythons
  A frilled lizard (D:2)
  3 kobolds
  5 rats
71 creatures vanquished.

Notes
Turn   | Place    | Note
-------+----------+-------------------------------------------
     0 | D:1      | pirchl the Gargoyle Fighter began the quest for the Orb.
     0 | D:1      | Reached XP level 1. HP: 14/14 MP: 1/1
    44 | D:1      | Reached XP level 2. HP: 15/19 MP: 2/2
   429 | D:1      | Reached XP level 3. HP: 22/23 MP: 3/3
   924 | D:2      | Found a faded altar of an unknown god.
  1285 | D:2      | Reached XP level 4. HP: 29/29 MP: 4/4
  1326 | D:2      | Reached skill level 4 in Armour
  1534 | D:3      | Noticed Grinder
  1534 | D:3      | Noticed Jessica
  1559 | D:2      | Killed Jessica
  1602 | D:3      | Noticed Robin
  1622 | D:2      | Reached XP level 5. HP: 13/33 MP: 5/5
  1626 | D:2      | HP: 1/33 [goblin/+0 club[Robin] (1)]
  1836 | D:3      | Paralysed by Grinder for 5 turns
  2021 | D:3      | Mangled by a gnoll

Illustrated notes

Levels and vault maps discovered:
D:1:      mrwooster_arrival_statue_2, layout_loops_ring, minmay_pentomino_w4
D:2:      layout_loops_cross, dreamdust_ecumenical_altar_hidden_monk_grotto
D:3:      layout_loops_corners, lemuel_doored_altar, xom_redecorated,
          minmay_misc_feat_five, uniq_grinder, uniq_jessica, uniq_robin

Skill      XL: |  1  2  3  4 |
---------------+-------------+-----
Armour         | 4 |  4.3
Maces & Flails | 3 |  3.7
Fighting       | |  3.8
Throwing       | |  0.1
Dodging        | |  0.9
Shields        | |  3.5

Action                     |  1- 3 |  4- 6 || total
---------------------------+-------+-------++-------
  Melee: Flail             |    95 |       ||    95
         Morningstar       |    55 |    78 ||   133
  Throw: Stone             |     5 |     4 ||     9
    Use: Potion            |       |     1 ||     1
 Armour: Scale mail        |   100 |    71 ||   171
  Dodge: Dodged            |    79 |    54 ||   133
  Block: Buckler           |    21 |    25 ||    46

Table legend: (Time is in decaauts)
 A = Elapsed time spent in this place.
 B = Non-inter-level travel time spent in this place.
 C = Inter-level travel time spent in this place.
 D = Time resting spent in this place.
 E = Time spent auto-exploring this place.
 F = Levels seen in this place.
 G = Mean time per level.
                   A        B        C        D        E       F      G
               +--------+--------+--------+--------+--------+-----+--------+
         Total |   2098 |   2045 |     53 |    181 |   1153 |   3 |  699.3 |
       Dungeon |   2098 |   2045 |     53 |    181 |   1153 |   3 |  699.3 |
               +--------+--------+--------+--------+--------+-----+--------+

Top non-repeatable levels by time:
     D:2: 1014 daAuts
     D:1: 920 daAuts
     D:3: 164 daAuts
